 Dungeon Crawl Stone Soup version 0.23-a0-663-g304f35b (webtiles) character file.

105 Blackhawk the Poker (level 4, -4/37 HPs)
             Began as a Merfolk Monk on Jan 7, 2019.
             Slain by an orc priest
             ... wielding a +0 morningstar
              (7 damage)
             ... on level 3 of the Dungeon.
             The game lasted 00:04:02 (2532 turns).

Blackhawk the Poker (Merfolk Monk)                  Turns: 2532, Time: 00:04:02

Health: -4/37      AC: 11    Str: 12    XL:     4   Next: 83%
Magic:  4/4        EV:  0    Int:  9    God:
Gold:   83         SH:  7    Dex: 16    Spells: 3/3 levels left

rFire    . . .     SeeInvis .   a - +0 spear
rCold    . . .     Gourm    .   l - +0 shield
rNeg     . . .     Faith    .   g - +0 plate armour
rPois    .         Spirit   .   (no helmet)
rElec    .         Reflect  .   (no cloak)
rCorr    .         Harm     .   (no gloves)
MR       .....                  h - +0 pair of boots
Stlth    ..........             (no amulet)
HPRegen  0.12/turn              (no ring)
MPRegen  0.09/turn              (no ring)

@: drained
A: change form in water, swift swim, stealthy swim
a: no special abilities


You were on level 3 of the Dungeon.
You were hungry.

You visited 1 branch of the dungeon, and saw 3 of its levels.

You collected 83 gold pieces.

Inventory:

Hand Weapons
 a - a +0 spear (weapon)
Armour
 b - a +0 robe
 g - a +0 plate armour (worn)
 h - a +0 pair of boots (worn)
 l - a +0 shield (worn)
Jewellery
 d - an uncursed amulet of rage
Scrolls
 e - 3 scrolls of teleportation {unknown}
 f - 4 scrolls of fog {unknown}
 i - 2 scrolls of identify {unknown}
 k - 2 scrolls of fear {unknown}
 m - a scroll of blinking {unknown}
 n - a scroll of remove curse {unknown}
 o - a scroll of magic mapping {unknown}
Potions
 j - a potion of brilliance {unknown}
Comestibles
 c - 7 rations


   Skills:
 + Level 4.0(2.8) Fighting
 + Level 5.4(4.2) Polearms
 + Level 1.2(0.1) Armour
 + Level 4.9(3.7) Dodging
 - Level 2.3(1.2) Stealth
 + Level 0.9(0.0) Shields


You had 3 spell levels left.
You didn't know any spells.
Your spell library was empty.

Dungeon Overview and Level Annotations

Branches:
Dungeon (3/15)

Altars:
The Shining One


Message History

The orc priest hits you but does no damage.
You hit the orc priest but do no damage.
The orc priest is heavily wounded.
The orc priest hits you with a +0 morningstar.
You closely miss the orc priest.
The orc priest is heavily wounded.
The orc priest hits you but does no damage.
You completely miss the orc priest.
The orc priest is heavily wounded.
The orc priest hits you with a +0 morningstar!
* * * LOW HITPOINT WARNING * * *
You closely miss the orc priest.
The orc priest is heavily wounded.
You hit the orc priest but do no damage.
The orc priest is heavily wounded.
You block the orc priest's attack.
You closely miss the orc priest.
The orc priest is heavily wounded.
The orc priest hits you with a +0 morningstar!
You die...

..### .. #...
#.## ....
#.##.#..# ..#
.#..# #.# ...
# #.. #.#
#.##.####@#
####.......o.#
..........##.#
###.#####.#..#
#....# ######


You could see an orc priest.

Vanquished Creatures
  3 adders (D:2)
  A worm (D:2)
  6 dart slugs
  2 leopard geckos (D:1)
  3 orcs (D:2)
  4 bats (D:2)
  3 giant cockroaches
  6 goblins
  7 hobgoblins
  4 jackals (D:2)
  6 frilled lizards
  6 kobolds
  6 rats
57 creatures vanquished.

Notes
Turn   | Place    | Note
-------+----------+-------------------------------------------
     0 | D:1      | Blackhawk the Merfolk Monk began the quest for the Orb.
     0 | D:1      | Reached XP level 1. HP: 18/18 MP: 1/1
   276 | D:1      | Reached XP level 2. HP: 24/24 MP: 2/2
   781 | D:1      | Reached XP level 3. HP: 29/29 MP: 3/3
   997 | D:2      | Reached skill level 5 in Polearms
  1270 | D:2      | Reached skill level 1 in Armour
  1504 | D:2      | Reached XP level 4. HP: 32/37 MP: 4/4
  2059 | D:2      | Found a glowing golden altar of the Shining One.
  2532 | D:3      | Slain by an orc priest

Vault maps used:
D:1:      denvon_arrival_planthouse
D:2:      nicolae_tso_swordbearing_angel, minmay_octomino_e4
D:3:      overflow_temple_1_default, overflow_temple_1_default, first_ration,
          uniq_robin, uniq_jessica

Skill      XL: |  1  2  3  4 |
---------------+-------------+-----
Polearms       | 5 |  5.4
Armour         | 1 |  1.2
Fighting       | 4 |  4.0
Dodging        | |  4.9
Stealth        | |  2.3
Shields        | |  0.9

Action                   |  1- 3 |  4- 6 || total
-------------------------+-------+-------++-------
Melee: Spear             |   163 |   154 ||   317
 Stab: Sleeping          |     1 |       ||     1
  Eat: Chunk             |     2 |     3 ||     5
Armor: Plate armour      |    81 |    78 ||   159
Dodge: Dodged            |    14 |     5 ||    19
Block: Shield            |     8 |    36 ||    44

Table legend:
 A = Non-vault XP
 B = Vault XP
 C = Vault XP percentage of total XP
 D = Non-vault monster count
 E = Vault monster count
 F = Vault count percentage of total count
                 A         B        C        D         E       F
            +---------+---------+-------+---------+---------+-------
      Total |     146 |       5 |   3.3 |      54 |       3 |   5.3
            +---------+---------+-------+---------+---------+-------
        D:1 |      34 |       0 |   0.0 |      19 |       0 |   0.0
        D:2 |     110 |       5 |   4.3 |      34 |       3 |   8.1
        D:3 |       2 |       0 |   0.0 |       1 |       0 |   0.0
            +---------+---------+-------+---------+---------+-------
